 Dungeon Crawl Stone Soup version 0.31.0-4-g52a2dc7128 (console) character file.

Game seed: 7951095211045279660

3977 AlterAsc the Grappler (level 10, -1/124 HPs)
             Began as a Troll Shapeshifter on Jan 24, 2024.
             Was a Believer of Trog.
             Slain by a steam dragon (3 damage)
             ... on level 8 of the Dungeon.
             The game lasted 00:12:47 (5244 turns).

AlterAsc the Grappler (Troll Shapeshifter)          Turns: 5244, Time: 00:12:47

Health: -1/124     AC:  4    Str: 28    XL:     10   Next: 2%
Magic:  9/9        EV:  9    Int:  6    God:    Trog [**....]
Gold:   451        SH:  0    Dex:  9    Spells: 9/9 levels left

rFire   . .          .
                       - Unarmed
rCold   . . .        (no shield)
rNeg    . . .        a - +0 animal skin
rPois   .            (helmet currently unavailable)
rElec   .            (cloak currently unavailable)
rCorr   .            (gloves unavailable)
SInv    .            (boots unavailable)
Will    ++...        D - amulet of regeneration Stlth
                     (no ring)
HPRegen 3.00/turn    (no ring)
MPRegen 0.11/turn

%: no passive effects
@: berserking, lethally poisoned (-1 -> -1), beast-form, strong-willed,
regenerating, very quick
A: beast (slay +4), large, unfitting armour, claws 3, regeneration 1, shaggy fur
1, tough skin 1
a: Begin Untransformation, Renounce Religion, Berserk, Trog's Hand


You were on level 8 of the Dungeon.
You worshipped Trog.
Trog was pleased with you.
You were a hulking beast.
You visited 1 branch of the dungeon, and saw 9 of its levels.

You collected 451 gold pieces.

Inventory:

Missiles
 x - 36 poisoned darts (quivered)
 B - 2 curare-tipped darts
 C - 5 silver javelins
Armour
 a - a +0 animal skin (worn)
Jewellery
 D - an amulet of regeneration (around neck)
Talismans
 c - a beast talisman (active)
 d - a flux talisman
 h - a blade talisman
Wands
 o - a wand of polymorph (25)
 p - a wand of flame (25)
 u - a wand of roots (16)
 z - a wand of acid (10)
Scrolls
 f - a scroll of identify
 g - 2 scrolls of summoning
 i - a scroll of enchant armour
 m - a scroll of amnesia {unknown}
 q - a scroll of poison {unknown}
 s - 3 scrolls of teleportation
 v - 2 scrolls of vulnerability
 w - 2 scrolls of enchant weapon
 y - a scroll of noise {unknown}
 A - a scroll of revelation {unknown}
Potions
 b - 4 potions of lignification
 e - a potion of cancellation {unknown}
 j - 2 potions of brilliance {unknown}
 k - a potion of degeneration {unknown}
 l - 4 potions of curing {unknown}
 n - 2 potions of might {unknown}
 r - 4 potions of berserk rage {unknown}
 t - 4 potions of attraction {unknown}


   Skills:
 - Level 0.7 Fighting
 - Level 1.5 Dodging
 + Level 12.7 Unarmed Combat
 - Level 7.5 Shapeshifting


You had 9 spell levels left.
You didn't know any spells.
Your spell library contained the following spells:

 Spells                   Type           Power      Damage    Failure   Level
 Brom's Barrelling Bould  Conj/Erth      0%         2d3       99%         4
 Fireball                 Conj/Fire      0%         3d3       100%        5
 Iskenderun's Battlesphe  Conj           0%         2d6       100%        5
 Conjure Ball Lightning   Conj/Air       0%         3x3d6     100%        6
 Orb of Destruction       Conj           0%         9d5       100%        7


Dungeon Overview and Level Annotations

Branches:
Dungeon (9/15)             Temple (0/1) D:6
   Lair: D:8-11         Orc: D:9-12

Altars:
Dithmenos
Elyvilon
Hepliaklqana
Nemelex Xobeh
Okawaru
Sif Muna
Trog
Uskayaw
Vehumet
Xom
Zin
The Shining One

Shops:
D:7 *!![[   D:9 *

Annotations:
D:3 2 transporters, JavaGenius's ghost, amateur GrFE
D:6 3 runed translucent doors, Ijustatesigmund's ghost, novice OpCj


Innate Abilities, Weirdness & Mutations

You are a hulking beast.
Your limbs bulge with bestial killing power. (Slay +4)
You are too large for most types of armour.
You have claws for hands.
Your natural rate of healing is unusually fast.
You are covered in fur. (AC +1)
You have tough skin. (AC +1)


Message History

You are engulfed in a cloud of scalding steam.
You feel sick.
The killer bee stings you but does no damage.
The steam dragon barely misses you. The steam dragon claws you.
Your skin crawls.
You feel strong-willed.
You are engulfed in a cloud of scalding steam.
You feel sick.
The killer bee stings you but does no damage.
The killer bee stings you.
* * * LOW HITPOINT WARNING * * *
You are more poisoned.
The killer bee poisons you! The steam dragon breathes steam at you.
The ball of steam hits you.
* * * LOW HITPOINT WARNING * * *
You mangle the steam dragon!!
The steam dragon is almost dead.
You feel sick. The killer bee stings you.
* * * LOW HITPOINT WARNING * * *
The killer bee completely misses you. The steam dragon bites you!
* * * LOW HITPOINT WARNING * * *
The steam dragon closely misses you.
A red film seems to cover your vision as you go berserk!
You feel yourself moving faster!
You feel mighty!
You feel very sick. The killer bee misses you.
The killer bee stings you but does no damage.
The steam dragon bites you!
* * * LOW HITPOINT WARNING * * *
The steam dragon claws you but does no damage.
You barely miss the steam dragon.
The steam dragon is almost dead.
You feel sick. The killer bee barely misses you.
You barely miss the steam dragon.
The steam dragon is almost dead.
You feel sick. The killer bee stings you.
* * * LOW HITPOINT WARNING * * *
The steam dragon closely misses you. The steam dragon claws you.
You die...

####### #.....# #.###.# ######
### #.#.#.# .....# #.# #.#...#
.....###########h# #.#.###
....)))))..)...Dy# #.#)#
.....########....###### #.#.#
.....# #####.##......# #.#.#
.....# #......#.####.# #.#<#
.....# #......#.####'#####.###
.....# #........#.......#..).#
.....# #......#.#.⌠...⌠.##.#)#
###### #......#.#.......#..#.#
#########......#.+...⌠...'.##.#
.........#######.#.......####.#


You could see a steam dragon (catching breath) and a killer bee.

Vanquished Creatures
  Grinder (D:5)
  A wraith (D:9)
  A steam dragon (D:7)
  An acid dragon (D:8)
  6 water moccasins
  A sky beast (D:7)
  2 ice beasts (D:7)
  2 orc warriors
  A black bear (D:6)
  2 centaurs
  An ogre (D:5)
  Blork the orc (D:5)
  5 kobold brigands
  2 gnoll sergeants (D:8)
  A bullfrog (D:7)
  3 scorpions
  5 killer bees (D:7)
  2 howler monkeys
  A bombardier beetle (D:5)
  2 hounds
  5 orc priests
  2 jellies
  A sleepcap (D:7)
  6 orc wizards
  Natasha (thrice) (D:3)
  5 iguanas
  An adder (D:5)
  7 gnolls (D:8)
  A ribbon worm (D:4)
  28 orcs
  3 bats
  7 endoplasms
  2 giant cockroaches
  2 goblins
  7 hobgoblins
  2 quokkas
  6 ball pythons
  5 frilled lizards
  25 kobolds
  3 rats
162 creatures vanquished.

Vanquished Creatures (others)
  A killer bee (D:8)
1 creature vanquished.

Grand Total: 163 creatures vanquished

Notes
Turn   | Place    | Note
-------+----------+-------------------------------------------
     0 | D:1      | AlterAsc the Troll Shapeshifter began the quest for the
                  | Orb.
     0 | D:1      | Reached XP level 1. HP: 18/18 MP: 0/0
   218 | D:1      | Reached XP level 2. HP: 26/26 MP: 1/1
   693 | D:2      | Found a faded altar of an unknown god.
   931 | D:3      | Noticed a howler monkey
   934 | D:3      | Found a transporter.
   937 | D:3      | Killed a howler monkey
   938 | D:3      | Reached XP level 3. HP: 25/32 MP: 2/2
   938 | D:3      | Noticed JavaGenius's ghost (amateur GrFE)
   949 | D:3      | Found a transporter.
   986 | D:3      | Reached XP level 4. HP: 40/40 MP: 3/3
  1016 | D:3      | Noticed Natasha
  1023 | D:3      | Killed Natasha
  1060 | D:3      | Noticed Natasha
  1070 | D:3      | Killed Natasha
  1090 | D:3      | Reached skill level 5 in Shapeshifting
  1090 | D:3      | Reached XP level 5. HP: 30/46 MP: 4/4
  1353 | D:3      | Noticed Natasha
  1359 | D:3      | Killed Natasha
  1365 | D:3      | Found a bloodstained altar of Trog.
  1371 | D:3      | Found a sparkling altar of Nemelex Xobeh.
  1378 | D:3      | Became a worshipper of Trog the Wrathful
  1387 | D:3      | Found a hazy altar of Hepliaklqana.
  1500 | D:4      | Found a shimmering altar of Xom.
  1500 | D:4      | Found a shimmering altar of Xom.
  1500 | D:4      | Found a shimmering altar of Xom.
  1501 | D:4      | Found a shimmering altar of Xom.
  1503 | D:4      | Found a shimmering altar of Xom.
  1503 | D:4      | Found a shimmering altar of Xom.
  1505 | D:4      | Found a shimmering altar of Xom.
  1505 | D:4      | Found a shimmering altar of Xom.
  1507 | D:4      | Found a shimmering altar of Xom.
  1529 | D:4      | Found an iron altar of Okawaru.
  1566 | D:4      | Reached XP level 6. HP: 54/54 MP: 5/5
  1974 | D:5      | Entered Level 5 of the Dungeon
  2002 | D:5      | Found a hide-covered altar of Uskayaw.
  2009 | D:5      | Noticed a water moccasin
  2016 | D:5      | Killed a water moccasin
  2061 | D:5      | Noticed a water moccasin
  2071 | D:5      | Killed a water moccasin
  2072 | D:5      | Reached XP level 7. HP: 18/61 MP: 6/6
  2168 | D:5      | Noticed Grinder
  2177 | D:5      | Killed Grinder
  2178 | D:5      | Reached skill level 5 in Unarmed Combat
  2378 | D:5      | Found a shadowy altar of Dithmenos.
  2422 | D:5      | Noticed Blork the orc
  2424 | D:5      | Found a shimmering blue altar of Sif Muna.
  2430 | D:5      | Killed Blork the orc
  2431 | D:5      | Reached skill level 6 in Unarmed Combat
  2511 | D:5      | Reached XP level 8. HP: 68/68 MP: 7/7
  2728 | D:6      | Reached skill level 7 in Unarmed Combat
  2834 | D:6      | Reached * piety under Trog
  2908 | D:6      | Found a runed translucent gate.
  2908 | D:6      | Found a runed translucent gate.
  2908 | D:6      | Found a runed translucent gate.
  2908 | D:6      | Noticed Ijustatesigmund's ghost (novice OpCj)
  3054 | D:6      | Found a radiant altar of Vehumet.
  3279 | D:6      | Found a staircase to the Ecumenical Temple.
  3307 | D:6      | Reached skill level 8 in Unarmed Combat
  3367 | D:6      | Reached skill level 9 in Unarmed Combat
  3538 | D:7      | Noticed an animated pearl dragon scales
  3567 | D:7      | Found Miaph's Armour Emporium.
  3567 | D:7      | Noticed an animated shadow dragon scales
  3576 | D:7      | Reached XP level 9. HP: 59/75 MP: 8/8
  3631 | D:7      | Found Xaijeg's Distillery.
  3725 | D:7      | Found Cianumyo's Distillery.
  3754 | D:7      | Found Kureifin's Antique Armour Emporium.
  3764 | D:7      | Reached skill level 10 in Unarmed Combat
  4246 | D:7      | Found Evvycvot's Assorted Antiques.
  4267 | D:7      | Reached skill level 11 in Unarmed Combat
  4300 | D:7      | Found a white marble altar of Elyvilon.
  4300 | D:7      | Found a glowing golden altar of the Shining One.
  4300 | D:7      | Found a glowing silver altar of Zin.
  4478 | D:8      | Reached ** piety under Trog
  4653 | D:8      | Reached skill level 12 in Unarmed Combat
  4914 | D:8      | Reached *** piety under Trog
  5179 | D:9      | Found Fehy's General Store.
  5196 | D:9      | Reached XP level 10. HP: 83/83 MP: 9/9
  5242 | D:8      | HP: 6/124 [steam dragon (7)]
  5244 | D:8      | HP: 2/124 [killer bee (5)]
  5244 | D:8      | Slain by a steam dragon

Illustrated notes

Levels and vault maps discovered:
D:1:      minmay_arrival_four_circles, layout_loops_cross
D:2:      layout_rooms, ebering_ecumenical_altar_rust, nrook_loot_triangle
D:3:      layout_rooms, minmay_overflow_temple_star_quad, gammafunk_ghost_arena,
          uniq_natasha
D:4:      layout_basic, xom_redecorated, okawaru_trees_1,
          chequers_serial_rivers_marsh
D:5:      layout_cave_pools, kennysheep_mini,
          mainiacjoe_overflow_catch_the_wave, minmay_stone_trees_large,
          uniq_blork_the_orc, uniq_grinder
D:6:      layout_loops_ring, mainiacjoe_overflow_alcove_2,
          minmay_temple_entry_gardened_gates, gammafunk_ghost_split
D:7:      layout_loops_ring, good_gods_mini_temple, serial_shops,
          nicolae_shop_stone, nicolae_shop_overgrown_old_shop, shop,
          kennysheep_little_box, nicolae_shop_mannequins, nrook_mini_vaults
D:8:      layout_basic, minmay_misc_feat_tiny, minmay_fountain_box
D:9:      layout_basic, minmay_lair_entry_lava, serial_shops, nicolae_shop_trees

Skill      XL: |  1  2  3  4  5  6  7  8  9 |
---------------+----------------------------+-----
Shapeshifting  | 4 5 6 7 |  7.5
Unarmed Combat | 6 9 12 | 12.7
Fighting       | |  0.7
Dodging        | |  1.5

Action                     |  1- 3 |  4- 6 |  7- 9 | 10-12 || total
---------------------------+-------+-------+-------+-------++-------
  Melee: Unarmed           |    56 |    92 |   242 |     6 ||   396
         Punch             |     1 |     1 |    13 |     1 ||    16
 Invoke: Berserk           |       |       |       |     1 ||     1
         Trog's Hand       |       |       |       |     1 ||     1
    Use: Scroll            |       |       |     5 |       ||     5
   Stab: Sleeping          |     2 |       |       |       ||     2
 Armour: Animal skin       |    29 |    48 |   146 |    29 ||   252
  Dodge: Dodged            |    19 |    38 |    78 |    13 ||   148
   Form: Blade             |       |       |     1 |       ||     1
         Beast             |       |       |     1 |       ||     1
